Unix NetHack Version 3.7.0-101 Work-in-progress - last build Apr 1 2024 13:39:02 (cf3915abb6dcc6e3362b2b16a766b7b4f6c45fc9,branch:master). Game began 2024-04-04 07:46:23, ended 2024-04-04 09:00:44. spontiff, neutral male gnomish Healer ------ ---- --- #*###0# |....-- |..-- ---.---- *##### --##-- |.....| ---...| |......#-#**## ##-....| --..|.-- |.....---.......###### |....|.| --.|..------..).....##.....##*##*--..----- --- |.|..........----#..#......#####|...-- ---- --.| |....-----------#-*...........0##*...--- --..| --..| ----....| |.....*.......b...)........-- |...-- -------- |..-- |---.| |....#.............0..)[....#- --...| |......--------..-------|..|.|------.###..................--..| |...| --.---..........>.......--..|.|-.----##*##................-##-.| |.--- --..| --.----------............|...|.|e###.........[.......| |..| --.| |..-- --- |(.................@f*##................-| ---- --..---------.-- ----.).........)..rre#0..........*.......| |.............| --.--.......().###|...........[....)..--- |....---------- -----.........----..*.............[....##-- --.--- --..........||....<.................|..-- --- |.......-----|..................##.#....| |......-- ---.........---...#-###--.-- -------- --.--.--..| -#-## --- ---------- Spontiff the Rhizotomist St:11 Dx:11 Co:17 In:9 Wi:14 Ch:17 Neutral S:300 Dlvl:5 $:0 HP:0(23) Pw:5(5) AC:-2 Xp:1/0 T:5517 Latest messages: The giant rat just misses! The giant rat bites! The giant rat misses! The giant rat misses! The giant rat bites! The giant rat just misses! The giant rat misses! The giant rat misses! The giant rat bites! The giant rat misses! The giant rat bites! The giant rat misses! The giant rat misses! The giant rat bites! The giant rat bites! The giant rat misses! The giant rat bites! The giant rat bites! The giant rat bites! The giant rat bites! The giant rat misses! The giant rat misses! The giant rat misses! The giant rat misses! The giant rat misses! The giant rat bites! The giant rat bites! The giant rat bites! The giant rat misses! The giant rat just misses! The giant rat misses! The giant rat misses! The giant rat bites! The giant rat bites! The giant rat bites! The giant rat bites! The giant rat misses! The giant rat bites! The giant rat bites! The giant rat misses! The giant rat misses! The giant rat bites! The giant rat misses! The giant rat bites! The giant rat bites! The giant rat bites! The giant rat bites! You die... Do you want your possessions identified? [ynq] (y) y Do you want to see the dungeon overview? [ynq] (y) q Inventory: Armor h - an uncursed +1 dwarvish iron helm (being worn) g - an uncursed +1 pair of leather gloves (being worn) v - an uncursed +0 pair of low boots (being worn) r - an uncursed +0 small shield (being worn) q - a blessed +0 dwarvish cloak (being worn) Comestibles i - 2 uncursed berried treasures y - an uncursed apple a - an uncursed cream pie (wielded) n - an uncursed food ration Potions c - a blessed potion of healing Rings R - an uncursed ring of slow digestion Wands S - an uncursed wand of sleep (0:6) Tools f - an uncursed bag of holding containing 35 items m - an uncursed tooled horn k - an uncursed lock pick o - an uncursed magic whistle w - an uncursed mirror s - an uncursed stethoscope t - an uncursed towel Gems/Stones E - an uncursed sapphire l - an uncursed flint stone Contents of the bag of holding: 192 gold pieces an uncursed +1 dart a blessed +1 helmet a blessed +0 pair of leather gloves a blessed +1 pair of iron shoes an uncursed +0 dwarvish cloak an uncursed +0 dwarvish cloak an uncursed +0 dwarvish cloak an uncursed +0 mummy wrapping 4 uncursed food rations an uncursed scroll of enchant weapon an uncursed scroll of identify an uncursed scroll of light a cursed scroll of remove curse an uncursed spellbook of detect treasure an uncursed spellbook of light an uncursed diluted potion of booze 4 uncursed potions of extra healing an uncursed diluted potion of fruit juice an uncursed potion of speed 4 uncursed potions of water an uncursed wand of magic missile (0:5) an uncursed wand of opening (0:8) an empty uncursed sack an uncursed frost horn (0:5) an uncursed crystal ball (0:7) a blessed figurine of a carnivorous ape an uncursed +0 pick-axe an uncursed fluorite stone 2 uncursed jasper stones an uncursed obsidian stone 5 uncursed worthless pieces of black glass an uncursed worthless piece of orange glass an uncursed worthless piece of red glass an uncursed worthless piece of yellowish brown glass Spontiff the Healer's attributes: Background: You were a Rhizotomist, a level 1 male gnomish Healer. You were neutral, on a mission for Hermes who was opposed by Athena (lawful) and Poseidon (chaotic). You were left-handed. You were in the Gnomish Mines, on level 5. You entered the dungeon 5517 turns ago. You had 0 experience points, 20 were needed to attain level 2. Your score was 300 before end-of-game adjustments. Basics: You had 0 out of 23 hit points. You had all 5 energy points (spell power). Your armor class was -2. Your wallet was empty, but you had 192 zorkmids stashed away in your pack. Autopickup was on for '$!/="?' plus thrown, with exceptions. Final Characteristics: Your strength was 11 (limit:18/50). Your dexterity was 11 (limit:18). Your constitution was 17 (limit:18). Your intelligence was 9 (limit:19). Your wisdom was 14 (limit:18). Your charisma was 17 (limit:18). Final Status: You weren't hungry. You were unencumbered. You were wielding some food. Final Attributes: You were piously aligned. Your items were somewhat protected from fire. Your items were somewhat protected from cold. You were poison resistant. You had infravision. You had a small defense bonus (+5). You were warded. You are dead. Miscellaneous: You never encountered a bones level. Total elapsed playing time was 1 hour, 14 minutes and 21 seconds. Major events: Turn 1: spontiff the neutral male gnomish Healer entered the dungeon 1976: entered the Gnomish Mines 3726: reached Mine Town 5517: killed by a giant rat, while frozen by a floating eye's gaze Vanquished creatures: 3 watchmen a leprechaun a rock mole 2 shriekers a kobold mummy a gray ooze 6 dwarves a rothe 4 giant bats an orc zombie 2 dwarf zombies a werejackal 2 iguanas 2 acid blobs 3 coyotes 2 gas spores a hobbit a large kobold a hobgoblin 3 giant rats a brown mold 2 yellow molds 2 green molds 2 red molds 10 gnomes a garter snake 5 geckos 7 jackals 4 foxes a kobold 3 goblins 7 sewer rats 7 grid bugs 4 lichens 3 kobold zombies 5 newts 103 creatures vanquished. No species were genocided or became extinct. Voluntary challenges: You never hit with a wielded weapon. You were a pacifist. You read items or engraved 1 time. You never engraved Elbereth. You never genocided any monsters. You never polymorphed an object. You never changed form. You used no wishes. Achievements: You entered a shop. You entered the Gnomish Mines. You entered Minetown. You entered a temple. The Dungeons of Doom: levels 1 to 4 Level 1: "teletrap; stashlet" A fountain. Level 2: A fountain. Level 3: A general store, a fountain. Level 4: A fountain. Stairs down to The Gnomish Mines. The Gnomish Mines: levels 5 to 7 Level 5: <- You were here. Final resting place for you, killed by a giant rat, while frozen by a floating eye's gaze. Level 6: Level 7: Some shops, a temple and an altar, some fountains. Game over: ---------- / \ / REST \ / IN \ / PEACE \ / \ | spontiff | | 192 Au | | killed by a | | giant rat | | | | | | 2024 | *| * * * | * _________)/\\_//(\/(/\)/\//\/|_)_______ Goodbye spontiff the Healer... You died in The Gnomish Mines on dungeon level 5 with 300 points, and 192 pieces of gold, after 5517 moves. You were level 1 with a maximum of 23 hit points when you died.